AoeStats
← buzzkill

Fortress

510640784Analyzed
1v1 RM · 1d ago on Oct 1, 2026· 53m 6s· 2 players
Game mode
Random Map
Map size
Small (3 player)
Population
200
Speed
Normal
Resources
Standard
Victory
Conquest
Starting age
Dark Age
Ending age
Imperial Age
RankedLock teamsTeams togetherTeam positionsShared explorationLock speedFull tech treeHidden civsTurbo modeCheats
Victory
Defeat
🇫🇷 Goths · France
1148
+16
🇺🇸 Japanese · United States
1151
-16
HE WAS A CONSUL OF ROME
1:21 Loom
7:39 Feudal Age
9:03 Double-Bit Axe
9:38 Horse Collar
12:17 Castle Age
15:29 Bow Saw
16:29 Heavy Plow
17:28 Squires
17:42 Stone Mining
20:34 Wheelbarrow
19:44 Town Watch
20:47 Gold Mining
22:48 Forging
25:34 Imperial Age
23:28 Scale Mail Armor
23:44 Squires
23:05 Man-at-Arms
24:22 Iron Casting
24:37 Hand Cart
25:17 Chain Mail Armor
24:35 Long Swordsman
25:25 Fletching
26:39 Conscription
27:22 Blast Furnace
25:57 Two-Handed Swordsman
26:52 Bodkin Arrow
26:35 Pikeman
28:52 Crop Rotation
28:00 Halberdier
28:43 Champion
30:27 Bracer
31:27 Perfusion
31:29 Anarchy
32:35 Elite Huskarl
49:01 Ballistics
48:37 Murder Holes
50:14 Chemistry
49:13 Murder Holes
51:09 Stone Shaft Mining
buzzkill
3:58 Loom
7:42 Feudal Age
9:09 Double-Bit Axe
12:13 Castle Age
12:48 Wheelbarrow
12:07 Horse Collar
13:21 Bow Saw
20:54 Hand Cart
26:03 Imperial Age
24:01 Husbandry
24:13 Bloodlines
25:48 Town Watch
27:44 Chemistry
27:13 Kataparuto
27:38 Cavalier
28:57 Light Cavalry
30:49 Conscription
32:08 Two-Man Saw
32:11 Scale Barding Armor
32:18 Forging
34:00 Fletching
39:06 Yasama
49:27 Guard Tower
50:24 Murder Holes
Connection lost

Rejoining the realm…

Still unreachable

The connection could not be restored.

Session expired

The server has moved on; the page needs a fresh start.